 Dungeon Crawl Stone Soup version 0.17-a0-1132-g5dd4065 (console) character file.

116 Monkaria the Skirmisher (level 4, 0/37 HPs)
             Began as a Demonspawn Chaos Knight on May 25, 2015.
             Slain by an orc wizard
             ... wielding a +0 dagger
              (4 damage)
             ... on level 3 of the Dungeon.
             The game lasted 00:03:18 (1844 turns).

Monkaria the Skirmisher (Demonspawn Chaos Knight)   Turns: 1844, Time: 00:03:19

Health: 0/37       AC: 10    Str: 15    XL:     4   Next: 70%
Magic:  4/4        EV: 11    Int: 13    God:    Xom [.*....]
Gold:   48         SH:  0    Dex: 13    Spells: 0 memorised, 3 levels left

rFire  . . .     SeeInvis .     a - +0 falchion (chaos)
rCold  . . .     Clarity  .     b - +2 leather armour
rNeg   . . .     SustAt   .     (no shield)
rPois  .         Gourm    .     p - +0 helmet
rElec  .         Spirit   .     (no cloak)
rCorr  .         Warding  .     (no gloves)
rMut   .         Stasis   .     (no boots)
MR     +....                    (no amulet)
Stlth  +.........               l - ring of protection from magic
                                g - +2 ring of strength

@: somewhat resistant to hostile enchantments, very unstealthy
A: iridescent scales 1, demonic guardian 1
a: Renounce Religion


You were on level 3 of the Dungeon.
You worshipped Xom.
You were a plaything of Xom.
You were not hungry.

You visited 1 branch of the dungeon, and saw 4 of its levels.

You collected 48 gold pieces.

Inventory:

Hand weapons
 a - a +0 falchion of chaos (weapon)
Missiles
 f - 8 poisoned needles
Armour
 b - a +2 leather armour (worn)
 p - a +0 helmet (worn)
Jewellery
 g - a +2 ring of strength (left hand)
 i - an uncursed ring of protection from cold
 l - a ring of protection from magic (right hand)
Scrolls
 e - a scroll of amnesia
 h - 2 scrolls of remove curse
Potions
 m - a potion of lignification {unknown}
 n - a potion of magic {unknown}
Comestibles
 c - 2 bread rations
 d - 5 meat rations
 k - 2 fruits
 o - a slice of pizza
 q - a beef jerky


   Skills:
 - Level 4.2 Fighting
 + Level 4.2 Long Blades
 - Level 1.7 Armour
 - Level 0.8 Dodging


You had 3 spell levels left.
You didn't know any spells.

Dungeon Overview and Level Annotations

Branches:
Dungeon (4/15)
 Temple: D:4-7

Altars:
Okawaru
Xom


Innate Abilities, Weirdness & Mutations

You are partially covered in iridescent scales (AC +4).
A weak demonic guardian rushes to your aid.


Message History

* * * LOW HITPOINT WARNING * * *
You are too injured to fight recklessly!
You are too injured to fight recklessly!
You are too injured to fight recklessly!
You are too injured to fight recklessly!
You are too injured to fight recklessly!
You are too injured to fight recklessly!
You are too injured to fight recklessly!
You are too injured to fight recklessly!
You are too injured to fight recklessly!
You are too injured to fight recklessly!
You are too injured to fight recklessly!
You are too injured to fight recklessly!
You are too injured to fight recklessly!
You closely miss the orc wizard.
The orc wizard is almost dead.
The orc wizard hits you but does no damage.
The orc wizard hits you with a dagger.
You die... "It was about time."

### ### #.. ..#
#.# #.# #.# #.#
####.######.######
#.....5@o........#
#.##.#####..####.#
#)##.# ##...## #.#
#.##.###.....#
#.######
#.##........##
#......#
#.########.##
######.# #.# #.#
#.# #.# #.# #.#
#######.# ##'##
#.#


You could see an orc wizard and a friendly quasit.

Vanquished Creatures
  2 gnolls (D:3)
  2 adders
  An ooze (D:1)
  3 worms (D:3)
  3 giant geckos
  An orc (D:3)
  3 giant cockroaches
  7 hobgoblins
  4 jackals (D:3)
  A quokka (D:2)
  2 ball pythons
  7 bats
  3 giant newts
  6 goblins
  9 kobolds
  7 rats
61 creatures vanquished.

Vanquished Creatures (collateral kills)
  An adder (D:3)
1 creature vanquished.

Vanquished Creatures (others)
  A quasit (D:3)
  An iron imp (D:3)
  A gnoll (D:3)
3 creatures vanquished.

Grand Total: 65 creatures vanquished

Notes
Turn   | Place    | Note
--------------------------------------------------------------
     0 | D:1      | Monkaria the Demonspawn Chaos Knight began the quest for the Orb.
     0 | D:1      | Reached XP level 1. HP: 18/18 MP: 1/1
   105 | D:1      | Gained mutation: A weak demonic guardian rushes to your aid. [demonic ancestry]
   105 | D:1      | Reached XP level 2. HP: 24/24 MP: 2/2
   271 | D:1      | Reached skill level 4 in Fighting
   398 | D:2      | Found a shimmering altar of Xom.
   412 | D:2      | Found a shimmering altar of Xom.
   432 | D:2      | Found a shimmering altar of Xom.
   432 | D:2      | Found a shimmering altar of Xom.
   433 | D:2      | Found a shimmering altar of Xom.
   433 | D:2      | Found a shimmering altar of Xom.
   433 | D:2      | Found a shimmering altar of Xom.
   433 | D:2      | Found a shimmering altar of Xom.
   489 | D:2      | Reached XP level 3. HP: 30/30 MP: 3/3
   658 | D:2      | XOM: divination: detect items
  1246 | D:3      | XOM: butterfly on damage
  1246 | D:3      | XOM: smoke on damage
  1250 | D:3      | XOM: destruction
  1261 | D:3      | Gained mutation: You are partially covered in iridescent scales (AC +4). [demonic ancestry]
  1261 | D:3      | Reached XP level 4. HP: 6/37 MP: 4/4
  1303 | D:3      | XOM: butterfly on damage
  1476 | D:3      | Found an iron altar of Okawaru.
  1608 | D:3      | XOM: god gift: 4 meat rations
  1614 | D:3      | XOM: god gift: 25 stones
  1844 | D:3      | Slain by an orc wizard

Vault maps used:
D:1:      minmay_arrival_split_and_join, kennysheep_decorative_pillar
D:2:      xom_redecorated
D:3:      makhleb_blood_cavern_becter, gammafunk_temple_overflow_statue,
          gup_sewer_entry_spiral, kennysheep_small_spiral,
          minmay_misc_feat_doors, okawaru_metal_pillars_1_2
D:4:      fedhas_altar_3, serial_shops, shop, shop, shop_fountains, shop,
          shop_fountains

Action                   |  1- 3 |  4- 6 || total
-------------------------+-------+-------++-------
Melee: Falchion          |   155 |   112 ||   267
  Use: Scroll            |     4 |       ||     4
       Potion            |       |     2 ||     2
 Stab: Paralysed         |     1 |       ||     1
       Distracted        |       |     1 ||     1
  Eat: Chunk             |       |     4 ||     4
